 Dungeon Crawl Stone Soup version 0.25.0-9-g26727b657a (webtiles) character file.

Game seed: 3898965275174548167

13719 mopl the Severer (level 12, -1/110 HPs)
             Began as a Hill Orc Gladiator on June 16, 2020.
             Was a High Priest of Beogh.
             Slain by Jorgrun
             ... wielding an uncursed staff of earth
              (3 damage)
             ... while petrified by Jorgrun
             ... on level 2 of the Orcish Mines.
             The game lasted 00:19:14 (11153 turns).

mopl the Severer (Hill Orc Gladiator)              Turns: 11153, Time: 00:19:15

Health: -1/110     AC: 12    Str: 24    XL:     12   Next: 9%
Magic:  31/31      EV:  2    Int:  8    God:    Beogh [*****.]
Gold:   491        SH:  0    Dex: 14    Spells: 11/11 levels left

rFire    . . .     SeeInvis .   w - +8 spear "Garphatwe" {venom, rN+ MP+9 Str+4}
rCold    + . .     Gourm    .   (no shield)
rNeg     + + +     Faith    .   i - +0 scale mail (curse)
rPois    ∞         Spirit   .   f - +0 helmet
rElec    .         Reflect  .   S - +2 cloak
rCorr    .         Harm     .   F - +0 pair of gloves
MR       .....                  (no boots)
Stlth    ..........             (no amulet)
HPRegen  0.28/turn              j - +4 ring of evasion
MPRegen  0.22/turn              x - ring of protection from cold

@: petrified, studying Invocations
A: walk on water
a: Smiting, Recall Orcish Followers, Give Item to Named Follower, Renounce
Religion


You were on level 2 of the Orcish Mines.
You worshipped Beogh.
Beogh was extremely pleased with you.
You were not hungry.

You visited 3 branches of the dungeon, and saw 13 of its levels.
You also visited: Sewer.

You collected 892 gold pieces.
You spent 396 gold pieces at shops.
You donated 5 gold pieces to Zin.

Inventory:

Hand Weapons
 a - a +3 vorpal war axe
 w - the +8 spear "Garphatwe" (weapon) {venom, rN+ MP+9 Str+4}
   (You took it off a gnoll on level 3 of the Dungeon)

   It poisons the flesh of those it strikes.
   It affects your strength (+4).
   It protects you from negative energy.
   It affects your magic capacity (+9).
 E - the +7 short sword of Due Proportion {vamp, *Slow rElec Int+7}
   (You found it on level 5 of the Dungeon)

   It inflicts no extra harm, but heals its wielder when it wounds a living foe.
   It affects your intelligence (+7).
   It insulates you from electricity.
   It may slow you when you take damage.
Missiles
 d - 9 throwing nets
 l - 36 boomerangs (quivered)
 I - 50 poisoned darts
 K - 3 javelins
Armour
 f - a +0 helmet (worn)
 i - a cursed +0 scale mail (worn)
 p - a +0 plate armour
 F - a +0 pair of gloves (worn)
 Q - the +1 robe of the Albatross {rF+ Str+4, unknown}
   (You found it on level 9 of the Dungeon)

   It affects your strength (+4).
   It protects you from fire.
 S - a +2 cloak (worn)
Jewellery
 j - a +4 ring of evasion (left hand)
 x - a ring of protection from cold (right hand)
 B - an uncursed ring of flight
 L - an uncursed ring of positive energy
 P - an uncursed ring of resist corrosion
 R - the ring "Veakuhum" {Wiz rElec Str+2 Dex+4}
   (You found it on level 10 of the Dungeon)

   [ring of wizardry]

   It improves your spell success rate.
   It affects your strength (+2).
   It affects your dexterity (+4).
   It insulates you from electricity.
Wands
 r - a wand of digging (7)
 J - a wand of flame (15)
 N - a wand of acid (9)
Scrolls
 h - 3 scrolls of enchant armour {unknown}
 k - 8 scrolls of teleportation
 m - 6 scrolls of remove curse {unknown}
 n - 7 scrolls of immolation
 o - 5 scrolls of fear {unknown}
 q - a scroll of enchant weapon {unknown}
 s - 3 scrolls of random uselessness {unknown}
 u - 2 scrolls of fog {unknown}
 G - a scroll of blinking {unknown}
Potions
 b - 3 potions of lignification
 e - 4 potions of curing
 g - 2 potions of heal wounds
 t - 2 potions of flight
 v - 2 potions of brilliance
 z - a potion of magic
 A - a potion of might {unknown}
 C - a potion of stabbing {unknown}
 D - 3 potions of haste
 H - a potion of mutation {unknown}
 M - 2 potions of cancellation
 O - a potion of berserk rage {unknown}
Books
 y - a manual of Invocations
Comestibles
 c - 20 rations


   Skills:
 + Level 11.2 Fighting
 * Level 16.4 Axes
 + Level 4.0 Throwing
 + Level 4.1 Armour
 + Level 4.1 Dodging
 + Level 13.6 Invocations


You had 11 spell levels left.
You didn't know any spells.
Your spell library contained the following spells:

 Spells                   Type           Power        Failure   Level  Hunger
 Shock                    Conj/Air       #...         71%         1    ##.....
 Swiftness                Chrm/Air       #.......     83%         2    ###....
 Static Discharge         Conj/Air       #.......     97%         3    ####...
 Airstrike                Air            #.........   100%        4    #####..
 Lightning Bolt           Conj/Air       #.........   100%        5    ######.


Dungeon Overview and Level Annotations

Branches:
Dungeon (10/15) Temple (1/1) D:5 Lair (0/6) D:8 Orc (2/2) D:10 Elf (0/3) Orc:1 Orc:2 Sewer (visited)

Altars:
Ashenzari
Cheibriados
Dithmenos
Elyvilon
Gozag
Hepliaklqana
Kikubaaqudgha
Makhleb
Nemelex Xobeh
Okawaru
Qazlal
Ru
Sif Muna
Trog
Vehumet
Xom
Yredelemnul
Zin
The Shining One
Beogh

Shops:
D:4 =   D:9 !

Annotations:
D:7 2 transporters, gruber's ghost, novice HaHu
Orc:1 1 runed translucent door, tatocazan's ghost, journeyman MiFi
Orc:2 Jorgrun


Message History

Your limbs are stiffening.
You closely miss Jorgrun.
Jorgrun is severely wounded.
You have turned to stone.
Jorgrun hits you with an uncursed staff of earth!
* * * LOW HITPOINT WARNING * * *
Jorgrun crushes you!!
* * * LOW HITPOINT WARNING * * *
Jorgrun hits you with an uncursed staff of earth!
* * * LOW HITPOINT WARNING * * *
Jorgrun crushes you!
* * * LOW HITPOINT WARNING * * *
Jorgrun hits you with an uncursed staff of earth.
Jorgrun crushes you!
* * * LOW HITPOINT WARNING * * *
Jorgrun completely misses you.
Jorgrun hits you with an uncursed staff of earth!
* * * LOW HITPOINT WARNING * * *
Jorgrun crushes you.
You die...

##.....#......### ##
##.........<...###
#.##....##^##..>....#
##......#####....####
#........###.....#
#...#.#..#...#......#
#.#.
##....#........##
.....##.###.......##
........@.##.....###
......##g###....##
.$.. $## ....# .$. ..
##.## .# ... ....
.#... .##...


You could see Jorgrun (extremely poisoned).

Vanquished Creatures
  Gastronok (D:8)
  Harold (Orc:1)
  Fannar (D:10)
  A two-headed ogre (D:8)
  An unseen horror (D:10)
  An orc knight (D:10)
  Maurice (Orc:2)
  A centaur skeleton (D:10)
  A troll (D:9)
  Grinder (D:4)
  A hippogriff (D:7)
  The ghost of Esekla the Ducker, an amateur DESk of Gozag (D:3)
  2 wyverns
  8 yaks
  2 hogs (D:10)
  A human (D:10)
  A hungry ghost (D:7)
  Grum (D:8)
  A water moccasin (D:8)
  2 sky beasts
  A phantom (D:8)
  5 orc warriors
  2 ice beasts
  4 black bears
  A necrophage (D:7)
  6 ogres
  3 centaurs
  3 wolves (D:8)
  6 big kobolds
  5 scorpions
  5 killer bees (D:8)
  A howler monkey (D:4)
  3 centaur zombies
  3 crimson imps
  3 jellies
  A quasit (D:10)
  4 hounds
  An orc priest (D:4)
  11 orc wizards
  2 bullfrog skeletons
  3 iguanas
  9 worker ants
  2 hound skeletons
  Robin (D:3)
  A howler monkey zombie (D:3)
  13 gnolls
  16 adders
  2 howler monkey skeletons
  9 river rats
  4 oozes
  2 adder zombies
  8 worms
  4 dart slugs (D:1)
  3 leopard geckos
  24 orcs
  7 bats
  4 giant cockroaches
  23 goblins
  11 hobgoblins
  12 jackals
  24 kobolds
  6 quokkas
  7 ball pythons
  5 frilled lizards
  A leopard gecko skeleton (D:3)
  A quokka zombie (D:5)
  32 rats
  3 plants (D:3)
337 creatures vanquished.

Vanquished Creatures (collateral kills)
  A two-headed ogre (D:10)
  A gargoyle (D:10)
  Prince Ribbit (D:8)
  A hog (D:10)
  2 yaks (D:10)
  A hungry ghost (D:9)
  8 orc warriors
  An ogre (Orc:1)
  A crimson imp (D:8)
  A jelly (D:10)
  3 orc priests
  A worker ant (D:10)
  A hound zombie (D:8)
  An adder (D:10)
  An adder zombie (D:10)
  5 orcs
  3 jackals (D:9)
  A ball python (D:8)
  A kobold (D:8)
35 creatures vanquished.

Vanquished Creatures (others)
  3 orc warriors (D:10)
  An orc priest (D:10)
  20 orcs
  A jackal (D:5)
  A plant (D:3)
26 creatures vanquished.

Grand Total: 398 creatures vanquished

Notes
Turn   | Place    | Note
-------+----------+-------------------------------------------
     0 | D:1      | mopl the Hill Orc Gladiator began the quest for the Orb.
     0 | D:1      | Reached XP level 1. HP: 18/18 MP: 1/1
   104 | D:1      | Reached XP level 2. HP: 25/25 MP: 2/2
   247 | D:1      | Reached skill level 5 in Axes
   247 | D:1      | Reached XP level 3. HP: 30/31 MP: 3/3
   771 | D:1      | Reached XP level 4. HP: 5/38 MP: 4/4
  1055 | D:2      | Reached skill level 6 in Axes
  1064 | D:2      | Reached XP level 5. HP: 23/46 MP: 5/5
  1609 | D:2      | Reached skill level 7 in Axes
  1664 | D:2      | Found a faded altar of an unknown god.
  1732 | D:2      | Became a worshipper of Zin the Law-Giver
  1732 | D:2      | Reached * piety under Zin
  1733 | D:2      | Fell from the grace of Zin
  2164 | D:3      | Found a sparkling altar of Nemelex Xobeh.
  2165 | D:3      | Noticed Robin
  2186 | D:3      | Killed Robin
  2186 | D:3      | Reached XP level 6. HP: 41/53 MP: 6/6
  2207 | D:3      | Found a glowing golden altar of the Shining One.
  2212 | D:3      | Found a snail-covered altar of Cheibriados.
  2215 | D:3      | Found an iron altar of Okawaru.
  2280 | D:3      | Noticed a black bear
  2296 | D:3      | Killed a black bear
  2299 | D:3      | Reached skill level 5 in Fighting
  2299 | D:3      | Reached skill level 8 in Axes
  2425 | D:3      | Found a glowing drain.
  2434 | Sewer    | Entered a sewer
  2484 | Sewer    | Reached XP level 7. HP: 35/61 MP: 7/7
  2574 | Sewer    | Reached skill level 9 in Axes
  2773 | D:3      | Found a transporter.
  2825 | D:3      | Found a transporter.
  2825 | D:3      | Identified the +8 spear "Garphatwe" {venom, rN+ MP+9 Str+4}
  3127 | D:3      | Noticed Esekla's ghost (amateur DESk)
  3239 | D:3      | Killed Esekla's ghost
  3239 | D:3      | Reached skill level 10 in Axes
  3239 | D:3      | Reached XP level 8. HP: 36/71 MP: 8/8
  3711 | D:4      | Reached skill level 1 in Invocations
  3716 | D:4      | Found a white marble altar of Elyvilon.
  3854 | D:4      | Found an opulent altar of Gozag.
  3923 | D:4      | Noticed Grinder
  3930 | D:4      | Killed Grinder
  3968 | D:4      | Found a hazy altar of Hepliaklqana.
  4027 | D:4      | Found Udiang's Jewellery Emporium.
  4053 | D:4      | Reached skill level 11 in Axes
  4453 | D:5      | Entered Level 5 of the Dungeon
  4557 | D:5      | Reached skill level 5 in Invocations
  4585 | D:5      | Became a worshipper of Beogh the Brigand
  5050 | D:5      | Got a transparent short sword
  5071 | D:5      | Identified the +7 short sword of Due Proportion {vamp,
                  | *Slow rElec Int+7} (You found it on level 5 of the Dungeon)
  5149 | D:5      | Found a staircase to the Ecumenical Temple.
  5175 | D:5      | Reached XP level 9. HP: 65/80 MP: 13/13
  5186 | Temple   | Entered the Ecumenical Temple
  5437 | D:6      | Reached skill level 12 in Axes
  5471 | D:6      | Found an ancient bone altar of Kikubaaqudgha.
  5496 | D:6      | Reached * piety under Beogh
  5671 | D:6      | Found a stormy altar of Qazlal.
  5739 | D:6      | Found a shimmering blue altar of Sif Muna.
  6152 | D:7      | Reached skill level 13 in Axes
  6193 | D:7      | Found a transporter.
  6197 | D:7      | Noticed gruber's ghost (novice HaHu)
  6198 | D:7      | Noticed a deep elf mage
  6223 | D:7      | Found a transporter.
  6311 | D:7      | Reached ** piety under Beogh
  6503 | D:7      | Reached XP level 10. HP: 89/91 MP: 17/17
  6514 | D:7      | Reached skill level 10 in Invocations
  6525 | D:7      | Reached skill level 14 in Axes
  6792 | D:8      | Noticed Gastronok
  6812 | D:8      | Killed Gastronok
  6812 | D:8      | Reached skill level 10 in Fighting
  6812 | D:8      | Reached skill level 15 in Axes
  7146 | D:8      | Reached XP level 11. HP: 84/101 MP: 20/20
  7151 | D:8      | Reached skill level 1 in Armour
  7165 | D:8      | Reached *** piety under Beogh
  7581 | D:8      | Noticed Grum
  7592 | D:8      | Killed Grum
  7618 | D:8      | Noticed Prince Ribbit
  7622 | D:8      | Killed Prince Ribbit
  7762 | D:8      | Noticed a two-headed ogre
  7768 | D:8      | Killed a two-headed ogre
  7909 | D:8      | Found a staircase to the Lair.
  8030 | D:9      | Found Peuqeij's Distillery.
  8042 | D:9      | Bought 2 potions of haste for 240 gold pieces
  8042 | D:9      | Bought a potion of cancellation for 96 gold pieces
  8042 | D:9      | Bought a potion of heal wounds for 60 gold pieces
  8108 | D:9      | Reached **** piety under Beogh
  8287 | D:9      | Got a crude robe
  8351 | D:9      | Gained Hawl as an ally
  8629 | D:9      | Paralysed by the wrath of Zin for 6 turns
  8645 | D:10     | Entered Level 10 of the Dungeon
  8657 | D:10     | Found a roughly hewn altar of Beogh.
  8657 | D:10     | Found a staircase to the Orcish Mines.
  8667 | D:10     | Noticed an orc knight
  8675 | D:10     | Your ally Hawl died
  9182 | D:10     | Noticed Fannar
  9198 | D:10     | Killed Fannar
  9242 | D:10     | Got a brightly glowing granite ring
  9244 | D:10     | Identified the ring "Veakuhum" {Wiz rElec Str+2 Dex+4} (You
                  | found it on level 10 of the Dungeon)
  9628 | D:10     | Killed an unseen horror
  9628 | D:10     | Reached skill level 16 in Axes
  9942 | D:10     | Gained Thorok as an ally
 10611 | D:10     | Noticed a two-headed ogre
 10617 | D:10     | Killed a two-headed ogre
 10697 | Orc:1    | Entered Level 1 of the Orcish Mines
 10745 | Orc:1    | Noticed Harold
 10757 | Orc:1    | Killed Harold
 10757 | Orc:1    | Reached XP level 12. HP: 50/110 MP: 22/22
 11000 | Orc:1    | Found a runed translucent door.
 11001 | Orc:1    | Noticed tatocazan's ghost (journeyman MiFi)
 11029 | Orc:2    | Entered Level 2 of the Orcish Mines
 11029 | Orc:2    | Found a staircase to the Elven Halls.
 11029 | Orc:2    | Noticed Maurice
 11039 | Orc:2    | Killed Maurice
 11051 | Orc:2    | Reached ***** piety under Beogh
 11130 | Orc:2    | Noticed Jorgrun
 11151 | Orc:2    | HP: 5/110 [Jorgrun/uncursed staff of earth (4)]
 11153 | Orc:2    | HP: 2/110 [Jorgrun/uncursed staff of earth (4)]
 11153 | Orc:2    | Slain by Jorgrun

Illustrated notes

Levels and vault maps discovered:
D:1:      eino_arrival_cavern_a, layout_rooms, chequers_avenue
D:2:      layout_loops_cross, chequers_ecumenical_altar_grove
D:3:      layout_rooms, grunt_temple_overflow_cloverleaf,
          gammafunk_ghost_gnarly_gnolls, portal_sewer_entry_b, hex_medium,
          lemuel_old_faithful, uniq_robin
D:4:      layout_basic, marbit_many_paths, lemuel_coloured_pillars_altar,
          overflow_temple_1_default, serial_shops, shop,
          chequers_serial_rivers_micro_e, uniq_grinder
D:5:      layout_cave_pods, minmay_temple_entry_junction, first_ration,
          chequers_jeans, chequers_serial_rivers_micro_e, grunt_ministairs_2
D:6:      layout_rooms, tgw_sif, lemuel_round_altar, grunt_qazlal_clouds
D:7:      layout_loops_ring, gammafunk_ghost_arena, minmay_misc_feat_enclosed,
          dk_rats_in_the_wall
D:8:      layout_basic, lair_entry_dummy, uniq_prince_ribbit1, uniq_grum,
          uniq_gastronok
D:9:      layout_roguey, serial_shops, nicolae_shop_waterfront
D:10:     layout_basic, david_orc_5, grunt_livestock, uniq_fannar
Temple:   nicolae_temple_hex_pool
Orc:1:    layout_caves, serial_shops, shop, ebering_ghost_inner_flame,
          uniq_harold
Orc:2:    kennysheep_orc_mage_school, layout_diamond_mine, trog_book,
          uniq_maurice, uniq_donald, uniq_jorgrun

Skill      XL: |  1  2  3  4  5  6  7  8  9 10 11 12 |
---------------+-------------------------------------+-----
Fighting       | 3 4 5 6 7 9 10 11 | 11.2
Axes           | 5 6 7 8 10 11 13 15 16 | 16.4
Invocations    | 6 9 12 13 | 13.6
Throwing       | 2 3 4 |  4.0
Armour         | 4 |  4.1
Dodging        | 4 |  4.1

Action                   |  1- 3 |  4- 6 |  7- 9 | 10-12 || total
-------------------------+-------+-------+-------+-------++-------
Melee: War axe           |    87 |   181 |    83 |       ||   351
       Spear             |       |       |   278 |   451 ||   729
Throw: Boomerang         |       |       |     4 |       ||     4
Invok: Renounce Religion |       |     1 |       |       ||     1
       Convert to Beogh  |       |       |     1 |       ||     1
       Smiting           |       |       |       |     1 ||     1
       Recall Orcish Fol |       |       |       |     3 ||     3
 Abil: Evoke Flight      |       |       |     1 |       ||     1
  Use: Scroll            |       |     3 |     4 |     1 ||     8
       Potion            |       |       |     2 |     1 ||     3
 Stab: Distracted        |       |       |       |     2 ||     2
  Eat: Chunk             |       |     5 |    15 |    16 ||    36
       Ration            |       |       |       |     1 ||     1
Armor: Leather armour    |     7 |       |       |       ||     7
       Scale mail        |    11 |    96 |    69 |    59 ||   235
Dodge: Dodged            |    70 |   187 |   155 |   124 ||   536
